 Dungeon Crawl Stone Soup version 0.17.1-2-g5865329 (webtiles) character file.

206 ChunderTock the Cutter (level 6, -1/35 HPs)
             Began as a Kobold Assassin on Feb 7, 2016.
             Slain by a worker ant (3 damage)
             ... on level 4 of the Dungeon.
             The game lasted 00:22:59 (4462 turns).

ChunderTock the Cutter (Kobold Assassin)            Turns: 4462, Time: 00:22:59

Health: -1/35      AC:  6    Str: 14    XL:     6   Next: 10%
Magic:  0/6        EV: 13    Int:  9    God:
Gold:   199        SH:  0    Dex: 20    Spells: 0 memorised, 5 levels left

rFire  . . .     SeeInvis .     i - +0 short sword (drain)
rCold  . . .     Clarity  .     n - +0 robe (curse)
rNeg   . . .     SustAt   .     (shield restricted)
rPois  .         Gourm    .     (no helmet)
rElec  .         Spirit   +     d - +0 cloak
rCorr  .         Warding  .     (no gloves)
rMut   .         Stasis   .     (no boots)
MR     .....                    A - amulet of guardian spirit
Stlth  +++.......               F - ring of wizardry
                                C - +3 ring of protection

@: mighty, lethally poisoned (-1 -> -5), flying, heavily drained, not resistant
to hostile enchantments, fairly stealthy
A: carnivore 3
a: no special abilities


You were on level 4 of the Dungeon.
You were very full.

You visited 1 branch of the dungeon, and saw 4 of its levels.

You collected 199 gold pieces.

Inventory:

Hand Weapons
 a - a +2 dagger
 b - a +0 blowgun
 i - a +0 short sword of draining (weapon)
 p - a +0 short sword
 r - a +1 dagger of venom
Missiles
 e - 4 poisoned needles
 w - 2 curare-tipped needles
Armour
 c - a +0 robe
 d - a +0 cloak (worn)
 n - a cursed +0 robe (worn)
 q - a +0 leather armour
Jewellery
 A - an amulet of guardian spirit (around neck)
 C - a +3 ring of protection (left hand)
 F - a ring of wizardry (right hand)
Scrolls
 k - 3 scrolls of identify
 m - a scroll of fog {unknown}
 s - 3 scrolls of remove curse {unknown}
 u - 2 scrolls of recharging {unknown}
 x - a scroll of blinking {unknown}
 y - a scroll of magic mapping {unknown}
Potions
 h - a potion of ambrosia {unknown}
 j - a potion of flight
 l - 2 potions of agility {unknown}
 o - a potion of heal wounds {unknown}
 t - a potion of beneficial mutation {unknown}
 B - a potion of cure mutation {unknown}
 D - a potion of haste {unknown}
Books
 v - a book of Frost

   Spells                             Type                      Level
   a - Freeze                         Ice                          1
   b - Throw Frost                    Conjuration/Ice              2
   c - Ozocubu's Armour               Charms/Ice                   3
   d - Throw Icicle                   Conjuration/Ice              4
   e - Summon Ice Beast               Ice/Summoning                4
   f - Condensation Shield            Ice                          4
Comestibles
 g - 3 meat rations
 z - 2 bread rations


   Skills:
 - Level 2.1(0.0) Fighting
 * Level 7.7(4.5) Short Blades
 - Level 2.1(0.0) Throwing
 - Level 1.2(0.0) Dodging
 - Level 5.4(2.5) Stealth


You had 5 spell levels left.
You didn't know any spells.

Dungeon Overview and Level Annotations

Branches:
Dungeon (4/15)
 Temple: D:4-7

Altars:


Innate Abilities, Weirdness & Mutations

You are small and have problems with some larger weapons.
You are carnivorous and can eat meat at any time.


Message History

You feel sick. The worker ant completely misses you.
Something barely misses you. The iguana barely misses you.
You hit the iguana. You drain the iguana!
The iguana is severely wounded.
You feel sick. The worker ant barely misses you.
You hear some strange, mumbled words.
A puff of flame appears from out of thin air!
The puff of flame hits you!
* * * LOW HITPOINT WARNING * * *
The iguana closely misses you.
It was a potion of might.
You feel very mighty all of a sudden. The worker ant bites you.
Something hits you but does no damage.
You feel drained. The iguana closely misses you.
It was a potion of flight.
You feel very buoyant.
You fly up into the air.
* * * LOW HITPOINT WARNING * * *
You feel sick. The worker ant bites you.
You die...

.#.# # ... '# #.# .o.
#.## .... ###..##
.....
#######.(...####.(....
............(((((.....
#######>#{al####......
#.##@## ..... #.####
.... #.# ... #.# ###
#'# #.# ##.## #.#
#.###...## #.#
#........#####.######
#####................
##.#####.....###.


You could see an iguana and a worker ant.

Vanquished Creatures
  An orc priest (D:4)
  10 adders
  3 worms
  2 giant geckos
  2 orcs
  4 bats
  4 giant cockroaches
  15 goblins
  5 hobgoblins
  8 jackals
  A quokka (D:3)
  6 giant newts
  11 kobolds
  14 rats
86 creatures vanquished.

Notes
Turn   | Place    | Note
--------------------------------------------------------------
     0 | D:1      | ChunderTock the Kobold Assassin began the quest for the Orb.
     0 | D:1      | Reached XP level 1. HP: 12/12 MP: 1/1
   186 | D:1      | Reached XP level 2. HP: 7/17 MP: 2/2
   622 | D:1      | Reached XP level 3. HP: 21/21 MP: 3/3
  1817 | D:2      | Reached skill level 5 in Short Blades
  1817 | D:2      | Reached XP level 4. HP: 18/26 MP: 4/4
  2282 | D:2      | Reached skill level 6 in Short Blades
  2357 | D:2      | Reached XP level 5. HP: 30/30 MP: 5/5
  3316 | D:3      | Reached skill level 7 in Short Blades
  3557 | D:3      | Found a faded altar to an unknown god.
  4300 | D:4      | Reached XP level 6. HP: 22/35 MP: 3/6
  4462 | D:4      | Slain by a worker ant

Action                   |  1- 3 |  4- 6 || total
-------------------------+-------+-------++-------
Melee: Dagger            |     4 |    15 ||    19
       Short sword       |       |     6 ||     6
       Blowgun           |       |     3 ||     3
 Fire: Blowgun           |    62 |    93 ||   155
  Use: Scroll            |       |     1 ||     1
       Potion            |       |     2 ||     2
 Stab: Sleeping          |    17 |     9 ||    26
       Distracted        |     1 |     3 ||     4
  Eat: Chunk             |     9 |     9 ||    18
